 Dungeon Crawl Stone Soup version 0.30-a0-222-ge547ba4400 (webtiles) character file.

Game seed: 16484550580211833258

20347 Decritt the Fighter (level 12, -3/115 HPs)
             Began as a Minotaur Fighter on Oct 8, 2022.
             Was a High Priest of Qazlal.
             Slain by a black mamba (6 damage)
             ... while petrified by a basilisk
             ... on level 2 of the Lair of Beasts.
             The game lasted 00:19:24 (10953 turns).

Decritt the Fighter (Minotaur Fighter)             Turns: 10953, Time: 00:19:24

Health: -3/115     AC: 22    Str: 31    XL:     12   Next: 44%
Magic:  17/17      EV:  2    Int:  5    God:    Qazlal [*****.]
Gold:   860        SH:  0    Dex: 11    Spells: 11/11 levels left

rFire   . . .      SeeInvis .    e - +4 battleaxe (drain)
rCold   . . .      Faith    .    (shield currently unavailable)
rNeg    + + +      Spirit   .    D - +1 chain mail
rPois   ∞          Reflect  +    (helmet restricted)
rElec   .          Harm     .    (no cloak)
rCorr   .          Rampage  .    o - +1 pair of gloves
Will    .....                    (no boots)
Stlth   ..........               G - amulet of reflection
HPRegen 0.39/turn                M - +4 ring of protection
MPRegen 0.15/turn                y - +6 ring of strength

@: petrified, protected from physical damage, studying Fighting, repel missiles
A: horns 2, retaliatory headbutt
a: Renounce Religion, Upheaval, Elemental Force, Disaster Area


You were on level 2 of the Lair of Beasts.
You worshipped Qazlal.
Qazlal was extremely pleased with you.
You visited 2 branches of the dungeon, and saw 12 of its levels.

You collected 860 gold pieces.

Inventory:

Hand Weapons
 a - a +1 war axe of chaos
 e - a +4 battleaxe of draining (weapon)
Armour
 o - a +1 pair of gloves (worn)
 D - a +1 chain mail (worn)
Jewellery
 c - an amulet of the acrobat
 i - a +4 ring of evasion
 t - an amulet of guardian spirit
 w - a ring of ice
 y - a +6 ring of strength (right hand)
 z - an amulet of magic regeneration
 G - an amulet of reflection (around neck)
 H - an amulet of faith
 I - a ring of protection from cold
 M - a +4 ring of protection (left hand)
 Q - a ring of positive energy
 T - a ring of wizardry
 U - a ring of wizardry
Wands
 b - a wand of paralysis (3)
 q - a wand of mindburst (36)
 u - a wand of flame (25)
 x - a wand of digging (4)
 E - a wand of roots (7)
 L - a wand of quicksilver (16)
Scrolls
 g - a scroll of amnesia
 h - 3 scrolls of fog
 A - a scroll of silence
 B - 2 scrolls of fear
 C - a scroll of poison {unknown}
 K - 2 scrolls of blinking
 O - 2 scrolls of teleportation
 P - a scroll of vulnerability {unknown}
 R - a scroll of torment {unknown}
Potions
 d - 2 potions of might
 f - a potion of magic {unknown}
 j - 3 potions of curing
 k - a potion of berserk rage {unknown}
 l - 2 potions of resistance
 m - 3 potions of brilliance
 n - 3 potions of lignification
 p - 2 potions of mutation
 s - 2 potions of attraction
 v - 3 potions of flight
 F - 2 potions of degeneration
 J - 10 potions of ambrosia
 N - a potion of cancellation {unknown}
 S - a potion of heal wounds {unknown}
 V - a potion of haste {unknown}


   Skills:
 * Level 13.0 Fighting
 * Level 11.5 Axes
 * Level 11.2 Armour
 * Level 9.7 Dodging
 - Level 4.6 Shields
 * Level 8.3 Invocations
 + Level 5.0 Evocations


You had 11 spell levels left.
You didn't know any spells.
Your spell library contained the following spells:

 Spells                   Type           Power      Damage    Failure   Level
 Kiss of Death            Conj/Necr      0%         2d5       88%         1
 Magic Dart               Conj           0%         1d3       88%         1
 Blink                    Tloc           0%         N/A       96%         2
 Call Imp                 Summ           0%         N/A       96%         2
 Ensorcelled Hibernation  Hex/Ice        0%         N/A       96%         2
 Momentum Strike          Conj/Tloc      0%         3d8       96%         2
 Call Canine Familiar     Summ           0%         N/A       99%         3
 Confusing Touch          Hex            0%         N/A       99%         3
 Lesser Beckoning         Tloc           0%         N/A       99%         3
 Mephitic Cloud           Conj/Pois/Air  0%         N/A       99%         3
 Portal Projectile        Hex/Tloc       0%         N/A       99%         3
 Spider Form              Tmut/Pois      0%         N/A       99%         3
 Anguish                  Hex/Necr       0%         N/A       100%        4
 Dispel Undead            Necr           0%         3d6       100%        4
 Leda's Liquefaction      Hex/Erth       0%         N/A       100%        4
 Freezing Cloud           Conj/Ice/Air   0%         6-21      100%        5
 Lee's Rapid Deconstruct  Erth           0%         3d5*      100%        5
 Simulacrum               Ice/Necr       0%         N/A       100%        6
 Statue Form              Tmut/Erth      0%         N/A       100%        6
 Polar Vortex             Ice            0%         N/A       100%        9


Dungeon Overview and Level Annotations

Branches:
Dungeon (10/15)            Temple (0/1) D:6            Lair (2/5) D:8
  Snake (0/4) Lair:2
  Swamp: Lair:2-3    Shoals: Lair:2-3       Orc: D:9-12

Altars:
Dithmenos
Elyvilon
Fedhas
Makhleb
Okawaru
Qazlal
Ru
Sif Muna
Trog
Zin
The Shining One

Shops:
D:4 :   D:7 [

Annotations:
D:9 1 runed translucent door


Innate Abilities, Weirdness & Mutations

You have a pair of horns on your head.
You reflexively headbutt those who attack you in melee.


Message History

The eight-headed hydra bites you.
* * * LOW HITPOINT WARNING * * *
You feel more protected from physical attacks.
The eight-headed hydra bites you but does no damage.
The eight-headed hydra bites you. x2
* * * LOW HITPOINT WARNING * * *
The wolf bites you but does no damage.
The black mamba bites you but does no damage.
The wolf bites you but does no damage.
The wolf is engulfed in freezing vapours.
You kill the wolf!
Qazlal accepts your kill. The wolf bites you but does no damage.
The black mamba bites you.
* * * LOW HITPOINT WARNING * * *
The wolf bites you.
* * * LOW HITPOINT WARNING * * *
You feel more protected from physical attacks.
The wolf bites you.
* * * LOW HITPOINT WARNING * * *
The wolf completely misses you.
The black mamba bites you but does no damage.
The wolf is engulfed in blazing flames.
The wolf completely misses you. The wolf bites you but does no damage.
The wolf bites you.
* * * LOW HITPOINT WARNING * * *
The black mamba bites you but does no damage.
The eight-headed hydra is engulfed in freezing vapours.
The eight-headed hydra bites you.
You feel more protected from physical attacks.
The eight-headed hydra bites you!
* * * LOW HITPOINT WARNING * * *
You feel more protected from physical attacks.
The eight-headed hydra bites you but does no damage. x4
The eight-headed hydra bites you.
* * * LOW HITPOINT WARNING * * *
The eight-headed hydra bites you but does no damage.
The wolf is engulfed in blazing flames.
The wolf bites you but does no damage. x3
You hear a howl!
The wolf is engulfed in freezing vapours.
The black mamba bites you!
You die...

~≈ . ~ .. ♣. .##. ♣.#.
#... ....! ### ##.# ###
#..###.####..###.#
##.hDh.#.#..+#.##.#
#..hh@.§..........####
#...☼Sh..........†~~~~~
#.................†~~~~~
.+..?..!........~~†~†..~
...$............~~~.....
#..........#...P~~P....~
##........P.....~~...>..
##............~~~....~~
.#....#.####.~~~P..P~


You could see an eight-headed hydra (slow), a black mamba and 5 wolves.

Vanquished Creatures
  Fannar (D:10)
  A hydra (Lair:2)
  A two-headed ogre (D:7)
  A deep elf pyromancer (D:10)
  An oklob plant (Lair:1)
  Maurice (D:10)
  An unseen horror (D:10)
  Maggie (D:9)
  4 cane toads (Lair:1)
  3 kobold demonologists (D:9)
  2 komodo dragons (Lair:2)
  A queen bee (D:9)
  2 polar bears (Lair:1)
  Prince Ribbit (D:9)
  A wraith (D:10)
  A wyvern (D:9)
  37 yaks
  2 basilisks
  An acid dragon (D:9)
  8 water moccasins
  2 orc warriors (D:9)
  An ogre (D:7)
  A black bear (D:6)
  23 wolves (Lair:2)
  4 centaurs
  4 kobold brigands
  9 bullfrogs
  A necrophage (D:6)
  A gnoll sergeant (D:7)
  A scorpion (D:6)
  6 wights
  31 killer bees (D:9)
  5 howler monkeys
  2 electric eels (Lair:1)
  A crimson imp (D:4)
  2 jellies
  5 hounds
  3 orc priests
  A gnoll bouda (D:5)
  5 iguanas
  3 iron imps (D:8)
  15 orc wizards
  9 gnolls
  8 adders
  2 shadow imps
  2 white imps
  3 ufetubi
  3 worms
  A dart slug (D:1)
  23 orcs
  3 endoplasms
  2 giant cockroaches
  9 goblins
  12 hobgoblins
  4 jackals (D:1)
  3 quokkas
  5 ball pythons
  7 bats
  2 frilled lizards
  A goblin skeleton (D:4)
  2 goblin zombies (D:4)
  A hobgoblin zombie (D:4)
  16 kobolds
  2 kobold skeletons (D:4)
  A kobold zombie (D:4)
  An orc skeleton (D:4)
  2 rats
  2 butterflies (Lair:1)
323 creatures vanquished.

Vanquished Creatures (collateral kills)
  A gnoll (D:4)
1 creature vanquished.

Vanquished Creatures (others)
  3 fungi
  10 plants
13 creatures vanquished.

Grand Total: 337 creatures vanquished

Notes
Turn   | Place    | Note
-------+----------+-------------------------------------------
     0 | D:1      | Decritt the Minotaur Fighter began the quest for the Orb.
     0 | D:1      | Reached XP level 1. HP: 19/19 MP: 0/0
   190 | D:1      | Reached XP level 2. HP: 21/27 MP: 1/1
   528 | D:1      | Found a faded altar of an unknown god.
   531 | D:1      | Reached skill level 4 in Fighting
   998 | D:2      | Reached XP level 3. HP: 33/33 MP: 2/2
  1024 | D:2      | Reached skill level 1 in Dodging
  1201 | D:2      | Reached XP level 4. HP: 41/41 MP: 3/3
  1681 | D:3      | Found a blossoming altar of Fedhas.
  1893 | D:3      | Reached XP level 5. HP: 47/47 MP: 4/4
  2326 | D:4      | Reached skill level 5 in Fighting
  2352 | D:4      | Found a glowing golden altar of the Shining One.
  2426 | D:4      | Reached XP level 6. HP: 47/56 MP: 3/5
  2444 | D:4      | Identified a scroll of acquirement
  2444 | D:4      | Acquired a +4 battleaxe of draining
  2679 | D:4      | Found a white marble altar of Elyvilon.
  2791 | D:4      | Found Beuxacev's Book Shop.
  2829 | D:4      | Found a sacrificial altar of Ru.
  3081 | D:5      | Entered Level 5 of the Dungeon
  3089 | D:5      | Reached skill level 5 in Axes
  3246 | D:5      | Reached skill level 6 in Fighting
  3253 | D:5      | Reached XP level 7. HP: 60/63 MP: 6/6
  3349 | D:5      | Found a stormy altar of Qazlal.
  3357 | D:5      | Became a worshipper of Qazlal Stormbringer
  3384 | D:5      | Reached skill level 5 in Armour
  3768 | D:6      | Found a staircase to the Ecumenical Temple.
  3779 | D:6      | Reached skill level 1 in Invocations
  4385 | D:6      | Reached XP level 8. HP: 62/71 MP: 6/8
  4695 | D:7      | Reached skill level 7 in Fighting
  4941 | D:7      | Reached skill level 1 in Evocations
  4974 | D:7      | Found Huoxes's Antique Armour Shop.
  5239 | D:7      | Noticed a two-headed ogre
  5247 | D:7      | Killed a two-headed ogre
  5248 | D:7      | Reached skill level 8 in Fighting
  5248 | D:7      | Reached skill level 5 in Dodging
  5248 | D:7      | Reached XP level 9. HP: 34/81 MP: 10/10
  5547 | D:7      | Reached * piety under Qazlal
  5937 | D:8      | Found a staircase to the Lair.
  6152 | D:8      | Found a burning altar of Makhleb.
  6303 | D:8      | Reached skill level 5 in Invocations
  6412 | D:9      | Found a bloodstained altar of Trog.
  6455 | D:9      | Found a shadowy altar of Dithmenos.
  6461 | D:9      | Noticed Maggie
  6468 | D:9      | Killed Maggie
  6469 | D:9      | Reached XP level 10. HP: 78/90 MP: 12/12
  6475 | D:9      | Reached skill level 9 in Fighting
  6693 | D:9      | Reached ** piety under Qazlal
  7385 | D:9      | Noticed Prince Ribbit
  7389 | D:9      | Killed Prince Ribbit
  7541 | D:9      | Reached *** piety under Qazlal
  7623 | D:9      | Reached skill level 10 in Fighting
  7629 | D:9      | Reached XP level 11. HP: 70/99 MP: 14/14
  7734 | D:9      | Found a runed translucent door.
  7734 | D:9      | Noticed a two-headed ogre
  7738 | D:9      | Noticed a centaur warrior
  7822 | D:9      | Noticed a sixfirhy
  7831 | D:9      | Reached skill level 10 in Axes
  8031 | D:9      | Noticed a shining eye
  8048 | D:9      | Noticed a swamp dragon
  8060 | D:10     | Entered Level 10 of the Dungeon
  8080 | D:10     | Noticed a deep elf pyromancer
  8091 | D:10     | Killed a deep elf pyromancer
  8350 | D:10     | Acquired a manual of Fighting
  8406 | D:10     | Identified the +1 long sword of the Green God {flame,
                  | +Blink Stlth+}
  8424 | D:10     | Found an iron altar of Okawaru.
  8456 | D:10     | Found a glowing silver altar of Zin.
  8533 | D:10     | Found a shimmering blue altar of Sif Muna.
  8728 | D:10     | Noticed Maurice
  8732 | D:10     | Noticed Fannar
  8748 | D:10     | Killed Fannar
  8749 | D:10     | Reached skill level 10 in Armour
  8756 | D:10     | Killed Maurice
  8757 | D:10     | Reached skill level 11 in Fighting
  9242 | Lair:1   | Entered Level 1 of the Lair of Beasts
  9251 | Lair:1   | Reached **** piety under Qazlal
  9366 | Lair:1   | Noticed an oklob plant
  9376 | Lair:1   | Killed an oklob plant
  9935 | Lair:1   | Reached skill level 12 in Fighting
  9935 | Lair:1   | Reached XP level 12. HP: 106/112 MP: 16/16
 10830 | Lair:2   | Found a staircase to the Snake Pit.
 10922 | Lair:2   | Noticed a six-headed hydra
 10927 | Lair:2   | Killed an eight-headed hydra
 10936 | Lair:2   | Noticed a five-headed hydra
 10944 | Lair:2   | Reached ***** piety under Qazlal
 10946 | Lair:2   | Reached skill level 5 in Evocations
 10947 | Lair:2   | Reached skill level 13 in Fighting
 10952 | Lair:2   | HP: 4/115 [eight-headed hydra (4)]
 10953 | Lair:2   | Slain by a black mamba

Illustrated notes

Levels and vault maps discovered:
D:1:      dpeg_arrival_arbitrary_a, layout_basic,
          shapermc_ecumenical_altar_mp_ritualfount
D:2:      layout_basic, hangedman_glass_teeth, roderic_roman_lattice,
          st_stairs_13
D:3:      layout_loops_ring, overflow_temple_1_default, hangedman_decor_points
D:4:      layout_cave_pools, nicolae_ru_path_of_blood,
          nicolae_tso_besieged_by_evil, kennysheep_mini, serial_shops,
          nicolae_inconvenience_store
D:5:      layout_cave_pools, mainiacjoe_overflow_surrounded_room
D:6:      layout_loops_corners, minmay_temple_entry_mist, feat_on_display
D:7:      layout_gridville, serial_shops, shop
D:8:      nicolae_cairo_tiling_very_big, layout_rooms, demons_altar,
          dreamdust_princess_bridge
D:9:      layout_roguey [special_room_bee], nicolae_overflow_hidden_temple,
          grunt_dithmenos_smoke_and_mirrors, minmay_st_funbox, uniq_maggie,
          uniq_prince_ribbit1
D:10:     layout_loops_ring, nicolae_sif_muna_little_library,
          mainiacjoe_overflow_two_lobes, uniq_fannar, uniq_maurice
Lair:1:   layout_layer_cave, dreamdust_deal_with_the_devil, grunt_megastairs_5,
          serial_bayou_shore_a, infiniplex_staircase_pool_2, lemuel_fruit_fields
Lair:2:   layout_roguey, guppyfry_snake_entry_island,
          grunt_forest_large_clearings, grunt_megastairs_2, lemuel_fruit_fields

Skill      XL: |  1  2  3  4  5  6  7  8  9 10 11 12 |
---------------+-------------------------------------+-----
Fighting       | 4 5 6 8 10 12 13 | 13.0
Axes           | 3 4 5 6 7 8 9 10 11 | 11.5
Dodging        | 1 2 3 5 6 7 9 |  9.7
Shields        | 4 |  4.6
Armour         | 4 5 7 8 9 10 11 | 11.2
Invocations    | 2 3 5 6 7 8 |  8.3
Evocations     | 1 2 3 4 5 |  5.0

Action                   |  1- 3 |  4- 6 |  7- 9 | 10-12 || total
-------------------------+-------+-------+-------+-------++-------
Melee: War axe           |    55 |   101 |       |       ||   156
       Headbutt          |     4 |    22 |    22 |    52 ||   100
       Battleaxe         |       |    28 |   138 |   281 ||   447
  Use: Scroll            |       |    13 |     2 |     7 ||    22
       Potion            |       |       |       |     2 ||     2
Armor: Scale mail        |    20 |    42 |    18 |       ||    80
       Chain mail        |       |       |    45 |   259 ||   304
Dodge: Dodged            |    44 |    76 |   117 |   198 ||   435
       Repelled          |       |       |       |     2 ||     2
Block: Buckler           |     9 |    23 |       |       ||    32
       Other             |       |       |    26 |   178 ||   204
       Reflection        |       |       |     2 |     6 ||     8

Table legend: (Time is in decaauts)
 A = Elapsed time spent in this place.
 B = Non-inter-level travel time spent in this place.
 C = Inter-level travel time spent in this place.
 D = Time resting spent in this place.
 E = Time spent auto-exploring this place.
 F = Levels seen in this place.
 G = Mean time per level.
                   A        B        C        D        E       F      G
               +--------+--------+--------+--------+--------+-----+--------+
         Total |  11147 |  10854 |    293 |    829 |   8330 |  12 |  928.9 |
       Dungeon |   9395 |   9122 |    273 |    666 |   7004 |  10 |  939.5 |
          Lair |   1751 |   1732 |     19 |    163 |   1325 |   2 |  875.5 |
               +--------+--------+--------+--------+--------+-----+--------+

Top non-repeatable levels by time:
     D:9: 1701 daAuts
  Lair:1: 1577 daAuts
    D:10: 1151 daAuts
     D:6: 1019 daAuts
     D:7: 1017 daAuts
     D:2: 932 daAuts
     D:8: 791 daAuts
     D:4: 776 daAuts
     D:1: 747 daAuts
     D:3: 680 daAuts
     D:5: 577 daAuts
  Lair:2: 174 daAuts
